Map: Magannatha LE

Players

EvilGazebo

  • Race: Protoss Protoss
  • League: Silver
  • Spawn Location: 5:00

ILBECHUNG - Winner!

  • Race: Zerg Zerg
  • League: Silver
  • Spawn Location: 11:00

VOD

Have the link to the VOD?

Description

Time

  • Played on: Sept. 21, 2025, 10:08 p.m.
  • Length: 6:59
Show
View Real Time Build Order
Export as new Build Order

EvilGazebo Protoss 

Build Orders: 1 Gate Expand 

Get SALT Encoding   

  12  0:00  Probe  
  13  0:14  Pylon  
  13  0:17  Probe  
  14  0:26  Probe  
  15  0:36  Probe  
  15  0:37  Gateway  
  16  0:48  Probe  
  17  1:00  Probe  
  18  1:12  Probe  
  19  1:20  Probe  
  19  1:23  Nexus  
  20  1:32  Probe  
  20  1:34  Cybernetics Core  
  21  1:44  Probe  
  21  1:45  Assimilator  
  22  1:48  Assimilator  
  22  2:12  Probe  
  22  2:14  Warp Gate  
  23  2:28  Pylon  
  23  2:33  Probe  
  23  2:34  Adept  
  23  2:35  Pylon  
  26  2:45  Probe  
  27  2:54  Twilight Council  
  27  2:58  Forge  
  27  3:04  Probe x2  
  29  3:16  Probe  
  29  3:17  Probe  
  31  3:25  Robotics Facility  
  31  3:28  Probe  
  31  3:30  Pylon  
  31  3:32  Gateway  
  32  3:34  Probe  
  32  3:35  Gateway  
  32  3:40  Probe  
  34  3:42  Probe  
  34  3:44  Charge  
  35  3:49  Protoss Ground Weapons Level 1  
  35  4:15  Immortal  
  35  4:16  Assimilator  
  39  4:20  Assimilator  
  39  4:22  Sentry  
  41  4:24  Probe  
  41  4:26  Probe  
  43  4:32  Probe  
  44  4:38  Probe  
  44  4:41  Zealot x2  
  44  4:44  Probe  
  49  4:48  Immortal  
  49  4:50  Zealot  
  49  4:51  Probe  
  53  4:56  Probe  
  58  5:06  Pylon  
  58  5:10  Zealot x2  
  62  5:37  Probe x2  
  64  5:49  Probe x2  
  66  5:50  Warp Prism  
  58  5:57  Nexus  
  58  6:01  Probe x2  
  58  6:03  Zealot  
  58  6:04  Zealot x2  
  58  6:13  Probe  
  55  6:19  Photon Cannon  
  55  6:20  Photon Cannon  
  55  6:22  Photon Cannon  
  55  6:26  Stalker x2  
  55  6:27  Stalker  
Show
View Real Time Build Order
Export as new Build Order

ILBECHUNG Zerg - Winner!

Build Orders: Hatch First 

Get SALT Encoding   

  12  0:00  Drone  
  13  0:12  Overlord  
  13  0:17  Drone  
  14  0:30  Drone x2  
  14  0:35  Drone  
  17  0:50  Hatchery  
  17  0:52  Drone  
  17  1:06  Spawning Pool  
  17  1:09  Drone  
  17  1:12  Drone  
  18  1:27  Drone  
  19  1:37  Drone  
  20  1:42  Extractor, Overlord  
  19  1:52  Drone  
  20  1:54  Queen  
  22  2:02  Drone  
  22  2:03  Hatchery  
  22  2:13  Queen  
  24  2:18  Drone  
  24  2:19  Drone  
  24  2:21  Drone  
  27  2:25  Drone  
  27  2:27  Drone  
  29  2:37  Overlord  
  29  2:38  Drone  
  29  2:42  Extractor  
  29  2:46  Drone  
  30  2:52  Drone  
  30  2:57  Overlord  
  31  3:02  Drone x3  
  34  3:07  Roach Warren, Drone  
  34  3:08  Drone  
  35  3:16  Queen  
  35  3:18  Drone  
  38  3:21  Drone x2  
  38  3:23  Drone  
  38  3:24  Drone  
  42  3:27  Drone  
  42  3:28  Drone  
  42  3:31  Drone  
  45  3:35  Drone  
  45  3:36  Drone  
  45  3:37  Drone  
  45  3:40  Overlord  
  48  3:48  Extractor  
  48  3:51  Extractor, Drone x2  
  48  3:54  Lair  
  48  3:56  Overlord  
  48  4:01  Drone x2  
  48  4:02  Drone  
  51  4:05  Drone x4  
  55  4:11  Drone x2  
  55  4:13  Roach  
  55  4:16  Roach  
  61  4:19  Drone x2  
  61  4:20  Drone  
  61  4:23  Overlord  
  64  4:30  Drone  
  64  4:31  Drone x3  
  68  4:38  Roach  
  70  4:40  Roach x2  
  70  4:42  Hatchery  
  70  4:43  Overlord  
  73  4:48  Roach x2  
  73  4:50  Roach x2  
  81  4:54  Overlord  
  81  5:00  Overlord  
  81  5:04  Roach x4  
  89  5:07  Overlord  
  89  5:15  Extractor, Roach x3  
  89  5:16  Roach  
  89  5:18  Roach  
  89  5:19  Roach x3  
  104  5:22  Ravager x2  
  104  5:27  Overlord  
  106  5:29  Ravager x5  
  106  5:30  Ravager  
  106  5:32  Drone x2  
  114  5:38  Overlord  
  114  5:39  Overlord  
  114  5:45  Extractor  
  114  5:47  Drone x3  
  114  5:49  Overlord  
  116  6:03  Roach  
  116  6:04  Roach x5  
  128  6:05  Roach x2  
  128  6:06  Roach  
  129  6:11  Drone  
  129  6:12  Drone  
  129  6:14  Drone x3  
  129  6:15  Drone x2  
  129  6:16  Drone x4  
  129  6:17  Queen  
  140  6:18  Drone x2  
  140  6:19  Drone  
  140  6:20  Overlord  
  138  6:59  Hatchery  
Tags
 
Add a new tag
Caveats
  • Supply blocks, unpowered buildings, or Contaminate may cause inaccurate times.
  • Supply counts are checked every 10 seconds.